 Dungeon Crawl Stone Soup version 0.17-a0-119-g2b06fc5 (webtiles) character file.

165 xeno23 the Chiller (level 5, 0/39 HPs)
             Began as a Merfolk Ice Elementalist on Mar 20, 2015.
             Slain by an orc
             ... wielding a +0 falchion
              (3 damage)
             ... on level 3 of the Dungeon.
             The game lasted 00:19:55 (2461 turns).

xeno23 the Chiller (Merfolk Ice Elementalist)       Turns: 2461, Time: 00:19:55

Health: 0/39       AC:  7    Str:  5 (8)  XL:     5   Next: 46%
Magic:  5/10       EV: 13    Int: 15      God:
Gold:   161        SH:  0    Dex: 15      Spells: 3 memorised, 3 levels left

rFire  . . .     SeeInvis .     p - +1 flail (crush)
rCold  . . .     Clarity  .     a - +0 robe
rNeg   . . .     SustAb   .     (no shield)
rPois  .         Gourm    .     (no helmet)
rElec  .         Spirit   .     (no cloak)
rCorr  .         Warding  .     (no gloves)
rMut   .         Stasis   .     (no boots)
MR     .....                    (no amulet)
Stlth  ++........               (no ring)
                                (no ring)

@: icy armour, not resistant to hostile enchantments, unstealthy
A: change form in water, swift swim
a: no special abilities


You were on level 3 of the Dungeon.
You were not hungry.

You visited 1 branch of the dungeon, and saw 3 of its levels.

You collected 161 gold pieces.

Inventory:

Hand weapons
 p - a +1 flail of crushing (weapon)
 t - a +0 long sword of slicing
Missiles
 d - 45 stones
 k - 19 arrows
 q - 3 tomahawks (quivered)
Armour
 a - a +0 robe (worn)
 h - a +0 leather armour
Scrolls
 e - a scroll of blinking {unknown}
 i - a scroll of random uselessness {unknown}
 l - a scroll of immolation {unknown}
 m - 2 scrolls of remove curse {unknown}
 n - 2 scrolls of enchant weapon {unknown}
 o - a scroll of teleportation {unknown}
 s - 2 scrolls of identify {unknown}
Books
 b - a book of Frost

   Spells                             Type                      Level
   a - Freeze                         Ice                          1
   b - Throw Frost                    Conjuration/Ice              2
   c - Ozocubu's Armour               Charms/Ice                   3
   d - Throw Icicle                   Conjuration/Ice              4
   e - Summon Ice Beast               Ice/Summoning                4
   f - Condensation Shield            Ice                          4
 r - a book of Debilitation

   Spells                             Type                      Level
   a - Corona                         Hexes                        1
   b - Slow                           Hexes                        2
   c - Inner Flame                    Hexes/Fire                   3
   d - Enslavement                    Hexes                        4
   e - Cause Fear                     Hexes                        4
   f - Leda's Liquefaction            Hexes/Earth                  4
Comestibles
 c - 2 bread rations
 f - a beef jerky
 g - 5 chunks of flesh


   Skills:
 * Level 2.7 Fighting
 + Level 3.5 Dodging
 + Level 2.5 Stealth
 * Level 2.9 Spellcasting
 * Level 1.0 Conjurations
 * Level 0.2 Charms
 * Level 4.4 Ice Magic


You had 3 spell levels left.
You knew the following spells:

 Your Spells              Type           Power        Failure   Level  Hunger
a - Freeze                Ice            ###.         3%          1    #......
b - Ozocubu's Armour      Chrm/Ice       #.......     24%         3    ###....
q - Throw Frost           Conj/Ice       ##....       12%         2    ##.....


Dungeon Overview and Level Annotations

Branches:
Dungeon (3/15)

Altars:
Gozag


Message History

The orc priest hits you with a falchion.
* * * LOW HITPOINT WARNING * * *
The magic dart hits you!
* * * LOW HITPOINT WARNING * * *
The orc priest mumbles some strange prayers to Beogh against you.
You're too confused to move!
You feel less confused.
The orc priest calls upon Beogh to heal the orc.
Casting: Throw Frost
Confirm with . or Enter, or press ? or * to list all spells.
A film of ice covers your body! The orc hits you but does no damage.
The orc hits you with a falchion.
* * * LOW HITPOINT WARNING * * *
You hear some strange, mumbled words.
Something tries to affect you, but you resist.
The orc throws a tomahawk.
The tomahawk misses you.
The orc priest prays to Beogh.
You feel a wave of unholy energy pass over you.
The orc hits you with a falchion.
You die...

## .....# #### .%.#
..#.# #..#
..#..#.#.###..##
.....#..#.##....#
......(†.$......#
#...............#
.........og....#
.........ooo...#
#.........#.@.(.#
.........#...##...##
..........#...##...#
..............##.######
..........##..##......##
..........##..##.......#
.......................#
..........##...#.......#
..........##...#......##


You could see an orc priest, 3 orcs and a hobgoblin.

Vanquished Creatures
  An orc wizard (D:3)
  4 adders
  A giant mite (D:2)
  5 worms
  A giant gecko (D:3)
  4 orcs
  A ball python (D:2)
  3 giant cockroaches
  8 goblins
  7 hobgoblins
  4 jackals (D:3)
  2 quokkas (D:3)
  10 bats
  4 giant newts
  7 kobolds
  9 rats
71 creatures vanquished.

Notes
Turn   | Place    | Note
--------------------------------------------------------------
     0 | D:1      | xeno23, the Merfolk Ice Elementalist, began the quest for the Orb.
     0 | D:1      | Reached XP level 1. HP: 13/13 MP: 3/3
   250 | D:1      | Reached XP level 2. HP: 5/20 MP: 1/4
   653 | D:1      | Learned a level 2 spell: Throw Frost
   691 | D:2      | Reached skill level 1 in Fighting
   757 | D:2      | Reached XP level 3. HP: 23/26 MP: 1/6
  1054 | D:2      | Reached skill level 4 in Ice Magic
  1311 | D:2      | Reached XP level 4. HP: 13/33 MP: 0/8
  1358 | D:2      | Learned a level 3 spell: Ozocubu's Armour
  2136 | D:3      | Reached XP level 5. HP: 24/39 MP: 4/9
  2169 | D:3      | Found an opulent altar of Gozag.
  2358 | D:3      | Reached skill level 1 in Conjurations
  2461 | D:3      | Slain by an orc

Action                   |  1- 3 |  4- 6 || total
-------------------------+-------+-------++-------
Melee: Unarmed           |    25 |       ||    25
       Club              |    84 |    28 ||   112
       Flail             |       |    25 ||    25
Throw: Stone             |     7 |    13 ||    20
       Tomahawk          |       |     1 ||     1
 Cast: Freeze            |    18 |    35 ||    53
       Throw Frost       |     6 |     8 ||    14
       Ozocubu's Armour  |       |     1 ||     1
  Use: Potion            |       |     1 ||     1
 Stab: Sleeping          |     2 |       ||     2
  Eat: Chunk             |     1 |     6 ||     7
